Unix NetHack Version 5.0.0-0 post-release - last build Jun 10 2026 00:39:30 (3ee93aec679c4c4259841fe613dc97188e26a321,branch:main).

Game began 2026-06-12 19:08:56, ended 2026-06-12 20:21:02.

Drastanta, neutral male human Barbarian

                                                ----------------
                                    *            ..............|
   *                                           ---...{.-------.|
                                               |.%..1..*.......|
                                             ---.-------...----| ---
          *                        *         .+[...@...|.......| |..
                              *        -------------.--|...---%---.| ---
     *          [                      |.........|...|  ...  |.....| |..
             ? *                       |.........|.---   -.| ---.-----.|
                                       +....<....-.|  [        |.|.....|
    [                                  |.........|.|           |*|.-----
                                $      |.........|..           |.....|*
                                       -------------           -----.|
                                          !    *    *            |...|
      *                           *           [                  -----
                                  ?                                %
    +
                            *

Drastanta the Bandit       St:18/01 Dx:18 Co:17 In:7 Wi:8 Ch:6  Neutral
Dlvl:11 $:385 HP:0(61) Pw:18(18) AC:1  Xp:7 T:4284 

Latest messages:
 The vampire bat misses!
 The vampire bat bites!
 You smite the vampire bat!
 The vampire bat bites!
 The vampire bat bites again!
 You kill the vampire bat!
 The seemingly dead vampire bat suddenly transforms and rises as a vampire!
 The vampire hits!
 The vampire bites!
 You miss the vampire.
 The vampire hits!
 The vampire bites!
 Goodbye level 8.
 You miss the vampire.
 The vampire hits!
 The vampire bites!
 Goodbye level 7.
 You feel slow!
 Are you sure you want to pray? [yn] (n) y
 You begin praying to Crom.
 You are surrounded by a shimmering light.
 The vampire starts to attack you, but pulls back.
 The vampire starts to attack you, but pulls back.
 The vampire starts to attack you, but pulls back.
 You finish your prayer.
 You feel that Crom is well-pleased.
 What do you want to read? [fi-krxABE-GIK or ?*] i
 As you read the scroll, it disappears.
 You materialize in a different location!
 You miss Ogothu of U-zabane.
 The air crackles around Ogothu of U-zabane.
 You smite Ogothu of U-zabane.
 You smite Ogothu of U-zabane.
 You smite Ogothu of U-zabane!
 Ogothu of U-zabane points at you, then curses.
 What do you want to wield? [- aZ or ?*] a
 a - a +0 battle-axe (weapon in hands).
 Ogothu of U-zabane points at you, then curses.
 You kill Ogothu of U-zabane!
 Welcome back to experience level 7.
 You feel quick!
 You kill the gas spore!
 Boom!
 You are caught in the gas spore's explosion!
 The freezing sphere explodes!
 Boom!
 You are caught in the freezing sphere's explosion!
 It is fatal.
 Do you want your possessions identified? [ynq] (y) y
 Do you want to see your attributes? [ynq] (y) q

Inventory:
 Coins    ('$')
  $ - 385 gold pieces
 Amulets  ('"')
  n - an uncursed amulet of flying
 Weapons  (')')
  a - a +0 battle-axe (weapon in hands)
 Armor    ('[')
  s - an uncursed +0 dwarvish iron helm (being worn)
  q - an uncursed +0 pair of iron shoes
  t - a cursed -1 pair of iron shoes (being worn)
  o - an uncursed +0 cloak of invisibility
  v - a cursed +1 T-shirt with text "Don't blame me, I voted for Izchak!"
  u - an uncursed +0 dwarvish mithril-coat (being worn)
 Comestibles  ('%')
  d - an uncursed food ration
  L - 3 uncursed tripe rations
 Scrolls  ('?')
  f - an uncursed scroll of charging
  A - 2 uncursed scrolls of confuse monster
  j - an uncursed scroll of create monster
  K - a blessed scroll of destroy armor
  B - an uncursed scroll of destroy armor
  x - an uncursed scroll of earth
  F - 2 uncursed scrolls of enchant armor
  G - a blessed scroll of enchant weapon
  r - an uncursed scroll of enchant weapon
  I - a cursed scroll of enchant weapon
  k - a cursed scroll of fire
 Spellbooks  ('+')
  E - an uncursed spellbook of invisibility
 Potions  ('!')
  M - an uncursed potion of extra healing
  P - a cursed potion of healing
  c - an uncursed potion of sleeping
  J - a potion of unholy water
 Rings    ('=')
  p - a blessed +2 ring of gain strength
  m - an uncursed ring of poison resistance
  D - an uncursed ring of shock resistance
  e - an uncursed ring of warning (on right hand)
 Wands    ('/')
  l - a wand of create monster (0:15)
  N - a wand of probing (0:2)
  H - a wand of secret door detection (0:13)
 Tools    ('(')
  R - an empty cursed sack
  X - a cursed magic lamp
  z - a magic marker (0:86)
  T - a cursed oil lamp
  Z - a +0 pick-axe
  S - an uncursed skeleton key
  Y - an uncursed skeleton key
  y - 4 uncursed tallow candles
  V - a cursed towel
 Gems/Stones  ('*')
  g - an uncursed touchstone
  W - a cursed touchstone

Drastanta the Barbarian's attributes:

Background:
 You were a Bandit, a level 7 male human Barbarian.
 You were neutral, on a mission for Crom
 who was opposed by Mitra (lawful) and Set (chaotic).
 You were right-handed.
 You were in the Gnomish Mines, on level 11.
 You entered the dungeon 4284 turns ago.
 You had 668 experience points, 612 more were needed to attain level 8.

Basics:
 You had 0 out of 61 hit points.
 You had all 18 energy points (spell power).
 Your armor class was 1.
 Your wallet contained 385 zorkmids.
 Autopickup was on for '$' plus thrown.

Final Characteristics:
 Your strength was 18/01 (limit:18/100).
 Your dexterity was 18 (limit:18).
 Your constitution was 17 (limit:18).
 Your intelligence was 7 (limit:18).
 Your wisdom was 8 (limit:18).
 Your charisma was 6 (limit:18).

Final Status:
 You weren't hungry.
 You were unencumbered.
 You were wielding an axe.
 You were skilled in axe and could have enhanced that.

Final Attributes:
 You were piously aligned.
 You were poison resistant.
 You were warned.
 You were guarded.
 You were fast.
 You are dead.

Miscellaneous:
 You encountered 1 bones level.
 Total elapsed playing time was 1 hour, 12 minutes and 6 seconds.

Major events:
 Turn
    1: Drastanta the neutral male human Barbarian entered the dungeon
  994: attained the rank of Pillager (level 3)
 1043: entered the Gnomish Mines
 1723: attained the rank of Bandit (level 6)
 1851: reached Mine Town
 4284: killed by a freezing sphere's explosion

You didn't know any spells.

Skills:
 Fighting Skills
   bare handed combat [Basic]
   two weapon combat  [Unskilled]
   riding             [Unskilled]
 Weapon Skills
   dagger             [Unskilled]
   axe                [Skilled]
   pick-axe           [Unskilled]
   short sword        [Basic]
   broadsword         [Unskilled]
   long sword         [Unskilled]
   two-handed sword   [Unskilled]
   saber              [Unskilled]
   club               [Unskilled]
   mace               [Unskilled]
   morning star       [Unskilled]
   flail              [Unskilled]
   hammer             [Unskilled]
   quarterstaff       [Unskilled]
   spear              [Unskilled]
   trident            [Unskilled]
   bow                [Unskilled]
 Spellcasting Skills
   attack spells      [Unskilled]
   escape spells      [Unskilled]

Voluntary challenges:
 Character rerolling was not enabled.
 You never genocided any monsters.
 You never polymorphed an object.
 You never changed form.
 You used no wishes.
Achievements:
 You attained the rank of Pillager.
 You entered the Gnomish Mines.
 You attained the rank of Bandit.
 You entered Minetown.

 The Dungeons of Doom: levels 1 to 2
    Level 1:
       An altar, a grave.
    Level 2:
       Some fountains.
       Stairs down to The Gnomish Mines.
 The Gnomish Mines: levels 3 to 11
    Level 3:
    Level 4:
    Level 5:
       An altar, a fountain.
    Level 6:
    Level 7:
    Level 8:
       Final resting place for
          sully-Bar-Orc-Fem-Cha, killed by a hallucinogen-distorted owlbear.
    Level 9:
    Level 10:
    Level 11: <- You were here.
       A fountain.
       Final resting place for
          you, killed by a freezing sphere's explosion.


Vanquished creatures:
  a ghost
  a xan
  2 freezing spheres
  a human mummy
  3 giant spiders
  a gnome ruler
  2 dwarf mummies
  2 ogres
 an owlbear
  a gnome mummy
  a bugbear
  a wood nymph
  a mountain nymph
  a Mordor orc
  6 Uruk-hai
  3 orc shamans
  2 rock moles
  a fog cloud
 12 gnome leaders
  4 gnomish wizards
  2 kobold mummies
 13 dwarves
  a kobold shaman
  8 hill orcs
  a giant bat
  2 dwarf zombies
  a gas spore
  4 hobbits
  9 manes
  a hobgoblin
  3 giant rats
  a cave spider
  a green mold
  a red mold
 45 gnomes
  2 gnome zombies
  3 geckos
  5 jackals
  4 foxes
  a kobold
  a goblin
  3 sewer rats
  3 grid bugs
  2 lichens
  a kobold zombie
  3 newts
168 creatures vanquished.

No species were genocided or became extinct.

Game over:
                       ----------
                      /          \
                     /    REST    \
                    /      IN      \
                   /     PEACE      \
                  /                  \
                  |    Drastanta     |
                  |      385 Au      |
                  |   killed by a    |
                  |     freezing     |
                  |     sphere's     |
                  |    explosion     |
                  |       2026       |
                 *|     *  *  *      | *
        _________)/\\_//(\/(/\)/\//\/|_)_______

Goodbye Drastanta the Barbarian...

You died in The Gnomish Mines on dungeon level 11 with 8779 points,
and 385 pieces of gold, after 4284 moves.
You were level 7 with a maximum of 61 hit points when you died.

